 Dungeon Sprint DCSS version 0.26-a0-663-g36e8fdb655 (webtiles) character file.

Game seed: 5113329894212595575

15161 olmar the Phalangite (level 12, -1/119 HPs)
             Began as a Merfolk Berserker on Oct 10, 2020.
             Was the Champion of Trog.
             Slain by a hellephant (39 damage)
             ... in the Dungeon (Sprint II: "The Violet Keep of Menkaure").
             The game lasted 00:09:45 (2628 turns).

olmar the Phalangite (Merfolk Berserker)            Turns: 2628, Time: 00:09:46

Health: -1/119     AC:  4    Str: 21    XL:     12   Next: 24%
Magic:  12/12      EV: 22    Int:  6    God:    Trog [******]
Gold:   366        SH:  0    Dex: 15    Spells: 11/11 levels left

rFire    + . .     SeeInvis .   j - +2 glaive (venom)
rCold    + . .     Faith    .   (shield currently unavailable)
rNeg     . . .     Spirit   .   m - +0 troll leather armour
rPois    .         Reflect  .   (no helmet)
rElec    .         Harm     .   x - scarf {rC+ rF+}
rCorr    .         Rampage  .   (no gloves)
MR       .....     NoTele   +   (no boots)
Stlth    +++++.....             n - amulet of regeneration
HPRegen  1.09/turn              (no ring)
MPRegen  0.13/turn              (no ring)

@: cannot translocate
A: change form in water, swift swim, stealthy swim
a: Berserk, Trog's Hand, Brothers in Arms, Renounce Religion


You were in the Dungeon.
You worshipped Trog.
Trog was exalted by your worship.
You visited 1 branch You collected 1981 gold pieces.
You spent 1615 gold pieces at shops.

Inventory:

Hand Weapons
 a - a +0 spear
 d - a +2 vorpal trident
 j - a +2 glaive of venom (weapon)
 l - a +3 halberd of flaming
 y - a +3 vorpal bardiche
 C - a +3 vorpal glaive
Armour
 b - a +0 animal skin
 m - a +0 troll leather armour (worn)
 w - a +0 cloak
 x - a scarf of resistance (worn)
Jewellery
 e - a +6 ring of strength {unknown}
 k - an uncursed ring of ice
 n - an amulet of regeneration (around neck)
Scrolls
 h - a scroll of blinking
 p - 2 scrolls of fog
 q - 2 scrolls of enchant weapon
 r - 2 scrolls of identify
 u - a scroll of enchant armour {unknown}
 v - 2 scrolls of remove curse
 B - a scroll of random uselessness
 D - a scroll of summoning
 E - a scroll of fear
Potions
 c - a potion of curing
 f - 5 potions of magic
 g - a potion of berserk rage
 i - a potion of lignification
 o - 5 potions of resistance
 s - a potion of mutation {unknown}
 t - 8 potions of flight
 z - a potion of might
 A - a potion of cancellation


   Skills:
 + Level 19.0 Fighting
 + Level 24.4 Polearms
 - Level 1.6 Armour
 + Level 14.6 Dodging
 + Level 11.6 Stealth


You had 11 spell levels left.
You didn't know any spells.
Your spell library contained the following spells:

 Spells                   Type           Power        Failure   Level
 Animate Skeleton         Necr           #.....       50%         1
 Pain                     Necr           #...         50%         1
 Vampiric Draining        Necr           #.........   86%         3
 Animate Dead             Necr           #.........   99%         4
 Agony                    Necr           #.......     100%        5


Dungeon Overview and Level Annotations

Branches:
Dungeon (1/1)

Altars:
Cheibriados
Dithmenos
Elyvilon
Fedhas
Gozag
Hepliaklqana
Kikubaaqudgha
Makhleb
Nemelex Xobeh
Okawaru
Qazlal
Ru
Sif Muna
Trog
Uskayaw
Vehumet
Wu Jian
Xom
Yredelemnul
Zin
The Shining One
Beogh
Jiyva
Lugonu

Shops:
D *[=:?((?(}*(}(?(=[=?(![:?}!

Annotations:
D exclusions: obsidian statue and oklob plant, Sonja


Message History

The hellephant bites you. The hellephant gores you.
Unknown command.
You slash the hellephant!
The hellephant looks as sick as possible!
The hellephant is heavily wounded.
You feel sick. The hellephant breathes flames at you.
The blast of flame hits you!! You resist.
Unknown command.
You are too injured to fight recklessly!
Unknown command.
You are too injured to fight recklessly!
You feel better.
You feel yourself speed up. The hellephant tramples you!!
You stumble backwards!
Unknown command.
You hit the hellephant but do no damage.
The hellephant is heavily wounded.
The hellephant tramples you!!!
You die...

#. k#°°▓).[)=...▓▓.⌠.▓
+^##.#}}▓..([.(..▓▓...▓
...####▓[[..(([(▓▓.$.▓
#..##.#▓...(((..▓▓...▓
+..#..#▓.(..[([.▓▓..K▓
#.^#..#▓.(.))..(▓▓.⌠.▓
##..##.#▓...[.([.▓▓.$$▓
###...##▓▓▓▓▓▓▓'▓▓▓▓)▓
§.≈≈≈)≈≈≈≈≈§§≈≈.@Y≈≈≈▓
..≈#+########'###.≈≈≈▓
§.≈#_._.....#≈§§##≈≈≈▓
≈.≈#._._....#≈§§≈####▓▓
≈≈≈#_._._...#≈§§§≈##..#
≈≈≈#._._._..#§§§§≈§#..#
≈≈≈#_._._._.#≈§§§§≈'..+
#§§#._._._._#≈≈§§§≈#..#
#§§#.._._._.#≈≈§§§≈▓..#


You could see a hellephant (extremely poisoned, catching breath).

Vanquished Creatures
  A kraken (D)
  Kirke (D)
  A draconian shifter (D)
  A yaktaur captain (D)
  An ice dragon (D)
  2 boulder beetles (D)
  A centaur warrior (D)
  2 hell hogs (D)
  A skeletal warrior (D)
  A glowing orange brain (D)
  2 deep trolls (D)
  2 unseen horrors (D)
  An elephant (D)
  A kobold demonologist (D)
  A yaktaur (D)
  3 polar bears (D)
  A hornet (D)
  A blink frog (D)
  2 wyverns (D)
  3 soldier ants (D)
  4 water moccasins (D)
  5 necrophages (D)
  An iron imp (D)
  3 worms (D)
  A spectral bat (D)
  A spectral leopard gecko (D)
  3 tentacles (D)
47 creatures vanquished.

Vanquished Creatures (others)
  Menkaure (D)
  A water moccasin (D)
  6 tentacles (D)
8 creatures vanquished.

Grand Total: 55 creatures vanquished

Notes
Turn   | Place    | Note
-------+----------+-------------------------------------------
     0 | D        | olmar the Merfolk Berserker began the quest for the Orb.
     0 | D        | Reached XP level 1. HP: 18/18 MP: 1/1
     7 | D        | Reached skill level 5 in Polearms
    11 | D        | Reached XP level 2. HP: 25/25 MP: 2/2
    17 | D        | Noticed an orange crystal statue
    17 | D        | Noticed a water moccasin
    29 | D        | Reached ** piety under Trog
    29 | D        | Reached skill level 6 in Polearms
    33 | D        | Killed Menkaure
   276 | D        | Noticed a necrophage
   276 | D        | Noticed a necrophage
   276 | D        | Noticed a necrophage
   276 | D        | Noticed a necrophage
   287 | D        | Killed a necrophage
   287 | D        | Reached skill level 9 in Polearms
   287 | D        | Reached skill level 1 in Stealth
   287 | D        | Reached XP level 3. HP: 34/34 MP: 3/3
   287 | D        | Reached XP level 4. HP: 41/41 MP: 4/4
   291 | D        | Killed a necrophage
   291 | D        | Reached skill level 11 in Polearms
   291 | D        | Reached skill level 5 in Dodging
   291 | D        | Reached XP level 5. HP: 48/48 MP: 5/5
   294 | D        | Killed a necrophage
   294 | D        | Reached skill level 12 in Polearms
   294 | D        | Reached XP level 6. HP: 56/56 MP: 6/6
   302 | D        | Killed a necrophage
   302 | D        | Reached *** piety under Trog
   302 | D        | Reached skill level 10 in Fighting
   308 | D        | Found Qinkergh's Antique Armour Boutique.
   308 | D        | Found Jarew's Distillery.
   308 | D        | Found Tixuyxyub's Distillery.
   312 | D        | Found Enie's Jewellery Shop.
   312 | D        | Found Rorooh's Antique Armour Boutique.
   312 | D        | Found Ezumebeu's Jewellery Shop.
   312 | D        | Found Tosahio's Antique Weapon Boutique.
   313 | D        | Found Siazim's Book Shop.
   313 | D        | Found Dacih's Gadget Boutique.
   313 | D        | Found Lagiz's Weapon Boutique.
   313 | D        | Noticed a yak
   315 | D        | Found Weneh's General Store.
   324 | D        | Killed a water moccasin
   324 | D        | Reached skill level 13 in Polearms
   324 | D        | Reached XP level 7. HP: 22/65 MP: 7/7
   327 | D        | Noticed an iron elemental
   328 | D        | Found Sutob's Magic Scroll Boutique.
   328 | D        | Found Edaf's Antique Weapon Shop.
   328 | D        | Noticed an oklob plant
   328 | D        | Noticed a yak
   329 | D        | Found Dulel's Jewellery Boutique.
   329 | D        | Found Caoclich's Book Shoppe.
   329 | D        | Noticed a yak
   334 | D        | Bought 2 potions of curing for 66 gold pieces
   334 | D        | Bought a potion of lignification for 33 gold pieces
   341 | D        | Bought a +2 glaive of venom for 257 gold pieces
   735 | D        | Noticed a blink frog
   739 | D        | Killed a blink frog
   739 | D        | Reached skill level 14 in Polearms
   887 | D        | Noticed a wyvern
   887 | D        | Noticed a wyvern
   893 | D        | Killed a wyvern
   893 | D        | Reached skill level 15 in Polearms
   895 | D        | Killed a wyvern
   895 | D        | Reached **** piety under Trog
   895 | D        | Reached XP level 8. HP: 51/74 MP: 8/8
  1003 | D        | Noticed an obsidian statue
  1017 | D        | Noticed a boulder beetle
  1018 | D        | Noticed a boulder beetle
  1029 | D        | Killed a boulder beetle
  1029 | D        | Reached skill level 17 in Polearms
  1130 | D        | Found an iron altar of Okawaru.
  1130 | D        | Found a radiant altar of Vehumet.
  1334 | D        | Killed a boulder beetle
  1334 | D        | Reached skill level 18 in Polearms
  1334 | D        | Reached skill level 10 in Dodging
  1334 | D        | Reached skill level 5 in Stealth
  1334 | D        | Reached XP level 9. HP: 71/84 MP: 9/9
  1338 | D        | Found a glowing silver altar of Zin.
  1406 | D        | Found a sparkling altar of Nemelex Xobeh.
  1406 | D        | Found a hide-covered altar of Uskayaw.
  1407 | D        | Found an opulent altar of Gozag.
  1407 | D        | Found a burning altar of Makhleb.
  1407 | D        | Found a bloodstained altar of Trog.
  1407 | D        | Found a basalt altar of Yredelemnul.
  1408 | D        | Found a blossoming altar of Fedhas.
  1408 | D        | Found a corrupted altar of Lugonu.
  1408 | D        | Found a shimmering blue altar of Sif Muna.
  1409 | D        | Found a white marble altar of Elyvilon.
  1409 | D        | Found an ancient bone altar of Kikubaaqudgha.
  1410 | D        | Found a shadowy altar of Dithmenos.
  1410 | D        | Found a viscous altar of Jiyva.
  1411 | D        | Found a snail-covered altar of Cheibriados.
  1412 | D        | Found a roughly hewn altar of Beogh.
  1412 | D        | Noticed a polar bear
  1413 | D        | Noticed a yaktaur
  1413 | D        | Noticed a hornet
  1415 | D        | Killed a polar bear
  1416 | D        | Noticed a polar bear
  1416 | D        | Noticed a polar bear
  1421 | D        | Killed a hornet
  1421 | D        | Reached skill level 19 in Polearms
  1427 | D        | Killed a polar bear
  1427 | D        | Reached ***** piety under Trog
  1431 | D        | Killed a yaktaur
  1521 | D        | Noticed a kraken
  1523 | D        | Killed a polar bear
  1523 | D        | Reached XP level 10. HP: 18/93 MP: 10/10
  1873 | D        | Found a hazy altar of Hepliaklqana.
  1873 | D        | Found a sacrificial altar of Ru.
  1873 | D        | Found a shimmering altar of Xom.
  1874 | D        | Found a stormy altar of Qazlal.
  1874 | D        | Found an ornate altar of the Wu Jian Council.
  1878 | D        | Reached skill level 20 in Polearms
  1884 | D        | Found a glowing golden altar of the Shining One.
  1914 | D        | Noticed a deep troll
  1915 | D        | Noticed a deep troll
  1922 | D        | Killed a deep troll
  1922 | D        | Reached skill level 15 in Fighting
  1931 | D        | Killed a deep troll
  1931 | D        | Received a gift from Trog
  1931 | D        | Reached skill level 21 in Polearms
  2012 | D        | Killed a kraken
  2157 | D        | Noticed a shining eye
  2158 | D        | Noticed a shining eye
  2159 | D        | Noticed a shining eye
  2162 | D        | Bought an uncursed amulet of regeneration for 420 gold
                  | pieces
  2169 | D        | Bought 2 scrolls of fog for 48 gold pieces
  2169 | D        | Bought 2 scrolls of enchant weapon for 180 gold pieces
  2172 | D        | Bought a glowing scarf for 160 gold pieces
  2183 | D        | Bought a potion of might for 44 gold pieces
  2183 | D        | Bought a potion of flight for 33 gold pieces
  2183 | D        | Bought a potion of cancellation for 88 gold pieces
  2183 | D        | Bought a potion of resistance for 110 gold pieces
  2193 | D        | Noticed an elephant
  2193 | D        | Noticed a centaur warrior
  2193 | D        | Noticed Kirke
  2193 | D        | Noticed a skeletal warrior
  2193 | D        | Noticed a yaktaur captain
  2193 | D        | Noticed a kobold demonologist
  2203 | D        | Noticed a soul eater
  2204 | D        | Killed a yaktaur captain
  2204 | D        | Reached skill level 22 in Polearms
  2204 | D        | Reached XP level 11. HP: 61/102 MP: 11/11
  2222 | D        | Noticed a hell hog
  2225 | D        | Noticed a harpy
  2225 | D        | Noticed a harpy
  2227 | D        | Noticed a sphinx
  2228 | D        | Received a gift from Trog
  2242 | D        | Killed a centaur warrior
  2296 | D        | Killed a skeletal warrior
  2304 | D        | Killed a hell hog
  2304 | D        | Reached skill level 23 in Polearms
  2321 | D        | Killed Kirke
  2321 | D        | Reached skill level 10 in Stealth
  2330 | D        | Noticed a hell hog
  2340 | D        | Killed a hell hog
  2395 | D        | Reached ****** piety under Trog
  2398 | D        | Received a gift from Trog
  2412 | D        | Noticed an ice dragon
  2416 | D        | Killed an ice dragon
  2431 | D        | Killed an unseen horror
  2433 | D        | Received a gift from Trog
  2443 | D        | Reached XP level 12. HP: 89/117 MP: 12/12
  2450 | D        | Reached skill level 24 in Polearms
  2468 | D        | Found Ifuh's Assorted Antiques.
  2468 | D        | Found Uppioniq's Magic Scroll Shop.
  2468 | D        | Found Huip's Antique Armour Shop.
  2468 | D        | Found Ihoatank's Antique Weapon Shoppe.
  2468 | D        | Found Epayphovi's Gadget Boutique.
  2469 | D        | Found Haxeuc's Weapon Shoppe.
  2469 | D        | Found Zaofyabb's Weapon Boutique.
  2469 | D        | Found Bouxadipt's Magic Scroll Emporium.
  2469 | D        | Found Abloran's Magic Scroll Shop.
  2469 | D        | Found Devuwaw's Magic Scroll Emporium.
  2469 | D        | Found Jyilod's Antique Weapon Shop.
  2469 | D        | Found Gaunices's Gadget Shoppe.
  2473 | D        | Bought a scroll of identify for 24 gold pieces
  2473 | D        | Bought a scroll of summoning for 114 gold pieces
  2482 | D        | Bought a scroll of fear for 38 gold pieces
  2574 | D        | Noticed a hellephant
  2575 | D        | Noticed Sonja
  2575 | D        | Noticed a purple draconian shifter
  2621 | D        | Killed a purple draconian shifter
  2628 | D        | Slain by a hellephant

Illustrated notes

Levels and vault maps discovered:
D:        the_violet_keep_of_menkaure [sprint2_stairs_cluster_1,
          sprint2_shoproom, sprint2_temple, sprint2_basic_supplies,
          sprint2_obstacle_4, sprint2_obstacle_5, sprint2_obstacle_3,
          sprint2_obstacle_7, sprint2_obstacle_2, sprint2_timed_cluster_1,
          sprint2_smallroom_cluster_1, sprint2_smallroom_final_cluster_1,
          sprint2_transparent_cluster_1, sprint2_second_timed_cluster_1,
          sprint2_sniper_area_1, sprint2_heavy_combat_area_1,
          sprint2_mutation_trap_area_1, sprint2_forest_area_1,
          sprint2_light_combat_area_1, sprint2_behind_water_1,
          sprint2_near_end_vault_1]

Skill      XL: |  1  2  3  4  5  6  7  8  9 10 11 12 |
---------------+-------------------------------------+-----
Polearms       | 5 9 11 12 13 15 18 19 22 23 24 | 24.4
Fighting       | 4 7 8 9 10 12 13 14 16 18 19 | 19.0
Dodging        | 3 4 5 6 8 10 12 14 | 14.6
Stealth        | 1 2 3 4 5 6 8 11 | 11.6
Armour         | |  1.6

Action                   |  1- 3 |  4- 6 |  7- 9 | 10-12 || total
-------------------------+-------+-------+-------+-------++-------
Melee: Spear             |    24 |    24 |       |       ||    48
       Glaive            |       |       |    44 |    71 ||   115
       Tailslap          |       |       |     6 |    14 ||    20
       Halberd           |       |       |       |    12 ||    12
       Trident           |       |       |       |    21 ||    21
       Bardiche          |       |       |       |    34 ||    34
Invok: Berserk           |     2 |       |       |       ||     2
       Trog's Hand       |       |       |       |     1 ||     1
  Use: Scroll            |       |       |       |     2 ||     2
       Potion            |       |       |       |     8 ||     8
 Stab: Sleeping          |       |       |     1 |     3 ||     4
       Distracted        |       |       |       |     2 ||     2
Armor: Animal skin       |     1 |     1 |       |     1 ||     3
       Troll leather arm |       |       |       |     6 ||     6
Dodge: Dodged            |     1 |     7 |    35 |    74 ||   117

Table legend: (Time is in decaauts)
 A = Elapsed time spent in this place.
 B = Non-inter-level travel time spent in this place.
 C = Inter-level travel time spent in this place.
 D = Time resting spent in this place.
 E = Time spent auto-exploring this place.
 F = Levels seen in this place.
 G = Mean time per level.
                   A        B        C        D        E       F      G
               +--------+--------+--------+--------+--------+-----+--------+
         Total |   2467 |   2467 |      0 |   1644 |      0 |   1 | 2467.0 |
       Dungeon |   2467 |   2467 |      0 |   1644 |      0 |   1 | 2467.0 |
               +--------+--------+--------+--------+--------+-----+--------+

Top non-repeatable levels by time:
       D: 2467 daAuts
